 Dungeon Crawl Stone Soup version 0.22-a0-897-g1b7a381375 (webtiles) character file.

3383 Htamos the Cleaver (level 9, -3/82 HPs)
             Began as a Deep Dwarf Gladiator on July 31, 2018.
             Was a Believer of Trog.
             Slain by a wyvern (19 damage)
             ... on level 8 of the Dungeon.
             The game lasted 00:12:29 (5549 turns).

Htamos the Cleaver (Deep Dwarf Gladiator)           Turns: 5549, Time: 00:12:29

Health: -3/82      AC:  1    Str: 20    XL:     9   Next: 74%
Magic:  2/2        EV: 16    Int:  9    God:    Trog [**....]
Gold:   413        SH:  0    Dex: 15    Spells: 8/8 levels left

rFire    . . .     SeeInvis .   a - +1 war axe
rCold    . . .     Gourm    .   (no shield)
rNeg     . . .     Faith    .   y - +0 ring mail
rPois    .         Spirit   .   c - +0 helmet
rElec    .         Reflect  .   (no cloak)
rCorr    .         Harm     .   u - +0 pair of gloves
MR       +....                  (no boots)
Stlth    +.........             (no amulet)
HPRegen  0.00/turn              (no ring)
MPRegen  0.08/turn              (no ring)

@: corroded, non-regenerating
A: damage resistance, heal wounds, sense surroundings 2, no regeneration
a: Heal Wounds, Berserk, Trog's Hand, Renounce Religion


You were on level 8 of the Dungeon.
You worshipped Trog.
Trog was pleased with you.
You were near starving.

You visited 1 branch of the dungeon, and saw 8 of its levels.
You also visited: Ossuary.

You collected 413 gold pieces.

Inventory:

Hand Weapons
 a - a +1 war axe (weapon)
Missiles
 d - a throwing net (quivered)
 e - 322 stones
 h - 41 poisoned needles
Armour
 b - a +0 leather armour
 c - a +0 helmet (worn)
 u - a +0 pair of gloves (worn)
 y - a +0 ring mail (worn)
 A - the cursed +0 chain mail of Love and Death {rF++ rC- Stlth+}
   (You found it on level 4 of the Dungeon)

   It greatly protects you from fire.
   It makes you vulnerable to cold.
   It makes you more stealthy.
   It has a curse placed upon it.
Wands
 E - a wand of digging (9)
Scrolls
 g - 3 scrolls of fog {unknown}
 i - 4 scrolls of magic mapping
 j - a scroll of blinking {unknown}
 l - 2 scrolls of amnesia {unknown}
 p - a scroll of holy word {unknown}
 q - 5 scrolls of remove curse
 r - 6 scrolls of teleportation
 s - 3 scrolls of immolation {unknown}
 t - 2 scrolls of noise {unknown}
 w - 3 scrolls of enchant weapon
 x - a scroll of random uselessness {unknown}
 D - 13 scrolls of identify
Potions
 k - 2 potions of flight
 n - 5 potions of degeneration
 o - 2 potions of haste
 v - 3 potions of brilliance
 z - a potion of heal wounds
 B - a potion of magic
 C - 4 potions of curing
 F - 2 potions of might {unknown}
Comestibles
 f - 8 rations


   Skills:
 + Level 5.9 Fighting
 * Level 10.1 Axes
 - Level 1.8 Throwing
 + Level 6.5 Armour
 + Level 7.6 Dodging


You had 8 spell levels left.
You didn't know any spells.
Your spell library was empty.

Dungeon Overview and Level Annotations

Branches:
Dungeon (8/15)             Temple (0/1) D:6            Lair (0/6) D:8

Altars:
Ashenzari
Dithmenos
Nemelex Xobeh
Qazlal
Ru
Trog
Wu Jian
Zin
Beogh

Annotations:
D:7 3 runed doors, strelocc's ghost, novice GnCj
D:8 Harold


Innate Abilities, Weirdness & Mutations

You are resistant to damage.
You can heal yourself by infusing magical energy.
You passively map the area around you.
You do not regenerate.


Message History

The acid burns!
The wyvern bites you!
* * * LOW HITPOINT WARNING * * *
You barely miss Harold.
Harold is heavily wounded.
You closely miss the wyvern. You hit the hell hound.
You kill the hell hound!
Trog accepts your kill. The wyvern bites you!
* * * LOW HITPOINT WARNING * * *
Harold zaps a wand.
The bolt of acid hits you!
* * * LOW HITPOINT WARNING * * *
You are splashed with acid!
The acid burns!
* * * LOW HITPOINT WARNING * * *
The wyvern bites you!
* * * LOW HITPOINT WARNING * * *
Your magical essence is drained by the effort!
You feel much better. Harold hits you with a halberd.
* * * LOW HITPOINT WARNING * * *
The wyvern bites you!!
You die...

# ##.#.#.#########* , #
#.#.#......... , .,
####.#.........###* .# * *
* #........###.....# ..#
#.#.##.#.....###.###.. #,#.
#....#..# #....## * # #.
###.....###.....#.# *
#.#.####...#....)@......*
...........###..@l§≈....#.#
..#........# #..≈.§≈≈≈..#.*
#######.## #(.≈≈..≈≈≈..#
#......# ##.≈≈.>.≈≈..#
#.###### #.≈§§.≈≈≈..# #.#
#..§§≈§≈≈..# #.#
#...≈≈≈≈...# ##.#
#....§§....# #..#
##..#####..#


You could see Harold and a wyvern.

Vanquished Creatures
  A cyclops (D:7)
  Grinder (D:3)
  A water moccasin (D:6)
  A hell hound (D:8)
  2 ice beasts
  3 sky beasts
  2 phantoms
  3 centaurs
  An elf zombie (Ossuary)
  A big kobold (D:7)
  A bullfrog (D:6)
  A troll zombie (Ossuary)
  A scorpion (D:6)
  3 killer bees (D:7)
  2 howler monkeys (D:8)
  2 centaur zombies (Ossuary)
  3 crimson imps
  2 hounds
  2 quasits (D:7)
  2 bullfrog zombies
  4 orc wizards
  A jelly (D:6)
  Jessica (D:3)
  3 iguanas
  Natasha (thrice) (D:3)
  5 worker ants
  2 ogre zombies (Ossuary)
  A hound zombie (D:6)
  A hound skeleton (D:4)
  A worker ant zombie (D:7)
  8 mummies
  3 gnolls (D:6)
  7 adders
  An ooze (D:3)
  4 adder zombies (Ossuary)
  3 worms
  3 dart slugs (D:1)
  6 leopard geckos
  12 orcs
  A ball python (D:3)
  7 giant cockroaches
  A gnoll zombie (Ossuary)
  7 goblins
  9 hobgoblins
  9 jackals
  6 quokkas
  11 bats
  6 frilled lizards
  2 goblin zombies (Ossuary)
  5 hobgoblin zombies (Ossuary)
  14 kobolds
  4 kobold zombies (Ossuary)
  An orc zombie (Ossuary)
  6 quokka zombies (Ossuary)
  11 rats
  A rat zombie (Ossuary)
205 creatures vanquished.

Vanquished Creatures (others)
  A bat (D:1)
1 creature vanquished.

Grand Total: 206 creatures vanquished

Notes
Turn   | Place    | Note
-------+----------+-------------------------------------------
     0 | D:1      | Htamos the Deep Dwarf Gladiator began the quest for the Orb.
     0 | D:1      | Reached XP level 1. HP: 19/19 MP: 1/1
    88 | D:1      | Reached XP level 2. HP: 19/26 MP: 2/2
   469 | D:1      | Reached XP level 3. HP: 32/32 MP: 2/2
   550 | D:1      | Reached skill level 1 in Armour
   740 | D:2      | Noticed a phantom
   859 | D:2      | Killed a phantom
   859 | D:2      | Reached skill level 4 in Axes
   859 | D:2      | Reached XP level 4. HP: 31/40 MP: 3/3
  1062 | D:2      | Found a faded altar of an unknown god.
  1093 | D:2      | Reached XP level 5. HP: 36/46 MP: 4/4
  1386 | D:2      | Found an ornate altar of the Wu Jian Council.
  1386 | D:2      | Found a shadowy altar of Dithmenos.
  1609 | D:3      | Found a sacrificial altar of Ru.
  1614 | D:3      | Reached skill level 5 in Axes
  1913 | D:3      | Noticed Natasha
  1919 | D:3      | Killed Natasha
  1935 | D:3      | Noticed Jessica
  1935 | D:3      | Noticed Grinder
  1945 | D:3      | Paralysed by Grinder for 7 turns
  1957 | D:3      | Paralysed by Grinder for 2 turns
  1974 | D:3      | Paralysed by Grinder for 3 turns
  1981 | D:3      | Killed Grinder
  1981 | D:3      | Reached XP level 6. HP: 35/56 MP: 4/4
  1989 | D:3      | Killed Jessica
  2014 | D:3      | Noticed Natasha
  2030 | D:3      | Killed Natasha
  2030 | D:3      | Reached skill level 6 in Axes
  2034 | D:3      | Reached XP level 7. HP: 44/62 MP: 5/5
  2049 | D:3      | Reached skill level 5 in Dodging
  2185 | D:3      | Noticed Natasha
  2190 | D:3      | Killed Natasha
  2307 | D:4      | Got a smoking chain mail
  2308 | D:4      | Identified the cursed +0 chain mail of Love and Death {rF++ rC- Stlth+} (You found it on level 4 of the Dungeon)
  3014 | D:5      | Entered Level 5 of the Dungeon
  3185 | D:5      | Found a stormy altar of Qazlal.
  3776 | D:6      | Reached skill level 7 in Axes
  3780 | D:6      | Reached XP level 8. HP: 40/72 MP: 5/5
  3806 | D:6      | Noticed a moth of wrath
  3809 | D:6      | Found a bloodstained altar of Trog.
  3849 | D:6      | Became a worshipper of Trog the Wrathful
  3926 | D:6      | Found a glowing silver altar of Zin.
  3965 | D:6      | Found a sparkling altar of Nemelex Xobeh.
  4111 | D:6      | Found a shattered altar of Ashenzari.
  4148 | D:6      | Reached skill level 8 in Axes
  4271 | D:6      | Found a staircase to the Ecumenical Temple.
  4390 | D:7      | Reached * piety under Trog
  4390 | D:7      | Reached skill level 5 in Armour
  4436 | D:7      | Found a runed gate.
  4437 | D:7      | Found a runed gate.
  4438 | D:7      | Found a runed gate.
  4533 | D:7      | Reached skill level 5 in Fighting
  4578 | D:7      | Noticed strelocc's ghost (novice GnCj)
  4585 | D:7      | Found a roughly hewn altar of Beogh.
  4598 | D:7      | Noticed a cyclops
  4620 | D:7      | Killed a cyclops
  4620 | D:7      | Reached skill level 9 in Axes
  4620 | D:7      | Gained mutation: You passively map the area around you. [Deep Dwarf growth]
  4620 | D:7      | Reached XP level 9. HP: 32/81 MP: 5/5
  4978 | D:8      | Reached ** piety under Trog
  5046 | D:8      | Found a sand-covered staircase.
  5057 | Ossuary  | Entered an ossuary
  5226 | Ossuary  | Reached skill level 10 in Axes
  5504 | D:8      | Found a staircase to the Lair.
  5519 | D:8      | Noticed Harold
  5548 | D:8      | HP: 1/82 [wyvern (5)]
  5549 | D:8      | Slain by a wyvern

Vault maps used:
D:1:      zaba_arrival_water, kennysheep_nondescript
D:2:      gammafunk_temple_overflow_statue, chequers_ecumenical_altar_island,
          first_ration
D:3:      cheibrodos_helix_gallery, nicolae_ru_great_annihilating_truth,
          uniq_jessica, uniq_grinder, uniq_natasha
D:4:      kennysheep_windowed_goal
D:5:      grunt_qazlal_clouds, serial_bayou_lagoon_b
D:6:      old_standard_altar, tgw_trog, zin_statuary, overflow_temple_1_default,
          minmay_temple_entry_poolview
D:7:      biasface_ghost_orc_armoury, uniq_joseph, uniq_prince_ribbit1
D:8:      chequers_temple_overflow_statue_of_worship, minmay_lair_entry_lava,
          gup_ossuary_entry_pyramid, skrybe_limestone_x, grunt_livestock,
          nicolae_tso_carved_into_rock, uniq_harold, uniq_grum
Ossuary:  ossuary_boxes_badplayer

Skill      XL: |  1  2  3  4  5  6  7  8  9 |
---------------+----------------------------+-----
Fighting       | 2 3 4 5 |  5.9
Armour         | 1 3 4 5 6 |  6.5
Axes           | 4 5 6 7 9 10 | 10.1
Dodging        | 4 5 6 7 |  7.6
Throwing       | |  1.8

Action                   |  1- 3 |  4- 6 |  7- 9 || total
-------------------------+-------+-------+-------++-------
Melee: War axe           |   119 |   146 |   535 ||   800
Throw: Throwing net      |     3 |       |     3 ||     6
Invok: Trog's Hand       |       |       |     4 ||     4
 Abil: Heal Wounds       |     3 |     5 |    19 ||    27
  Use: Scroll            |     1 |       |    12 ||    13
       Potion            |       |       |     1 ||     1
 Stab: Sleeping          |     1 |     1 |       ||     2
       Paralysed         |       |     2 |       ||     2
       Invisible         |       |     1 |       ||     1
  Eat: Chunk             |       |     4 |    12 ||    16
Armor: Leather armour    |    30 |    16 |       ||    46
       Ring mail         |       |    32 |   227 ||   259
Dodge: Dodged            |   106 |   134 |   512 ||   752

Table legend:
 A = Spawn XP
 B = Non-spawn XP
 C = Spawn XP percentage of total XP
 D = Spawn monster count
 E = Non-spawn monster count
 F = Spawn count percentage of total count
 G = Total turns spent on level
                    A         B        C        D         E        F      G
               +---------+---------+-------+---------+---------+-------+---------
         Total |       0 |    4833 |   0.0 |       0 |     205 |   0.0 |  5549
               +---------+---------+-------+---------+---------+-------+---------
           D:1 |       0 |      44 |   0.0 |       0 |      23 |   0.0 |   644
           D:2 |       0 |     173 |   0.0 |       0 |      21 |   0.0 |   878
           D:3 |       0 |     605 |   0.0 |       0 |      41 |   0.0 |   781
           D:4 |       0 |     142 |   0.0 |       0 |       9 |   0.0 |   711
           D:5 |       0 |     113 |   0.0 |       0 |       8 |   0.0 |   611
           D:6 |       0 |     995 |   0.0 |       0 |      29 |   0.0 |   733
           D:7 |       0 |    1679 |   0.0 |       0 |      27 |   0.0 |   590
           D:8 |       0 |     602 |   0.0 |       0 |      10 |   0.0 |   203
       Ossuary |       0 |     480 |   0.0 |       0 |      37 |   0.0 |   398
               +---------+---------+-------+---------+---------+-------+---------
